 Dungeon Crawl Stone Soup version 0.31.0-11-ge490571c62 (webtiles) character file.

Game seed: 13946128442099881016

254 qw the Skirmisher (level 5, 0/30 HPs)
             Began as a Deep Elf Hunter on Feb 4, 2024.
             Slain by a gnoll
             ... wielding a +0 flail
              (6 damage)
             ... on level 3 of the Dungeon.
             The game lasted 00:00:14 (2296 turns).

qw the Skirmisher (Deep Elf Hunter)                 Turns: 2296, Time: 00:00:14

Health: 0/30       AC:  6    Str: 10    XL:     5   Next: 90%
Magic:  7/7        EV:  9    Int: 14    God:
Gold:   92         SH:  0    Dex: 18    Spells: 4/4 levels left

rFire   . . .        a - +0 shortbow
rCold   . . .        (shield currently unavailable)
rNeg    . . .        i - +0 scale mail
rPois   .            (no helmet)
rElec   .            (no cloak)
rCorr   .            (no gloves)
SInv    .            (no boots)
Will    .....        e - amulet of regeneration
Stlth   +            (no ring)
HPRegen 1.05/turn    (no ring)
MPRegen 0.10/turn

%: no passive effects
@: no status effects
A: no striking features
a: no special abilities


You were on level 3 of the Dungeon.
You visited 1 branch of the dungeon, and saw 3 of its levels.

You collected 92 gold pieces.


   Skills:
 - Level 2.0 Fighting
 + Level 9.0 Ranged Weapons
 - Level 1.0 Armour
 - Level 2.4 Dodging
 - Level 1.2 Stealth


You had 4 spell levels left.
You didn't know any spells.
Your spell library was empty.

Inventory:

Hand Weapons
 a - a +0 shortbow (weapon)
Armour
 i - a +0 scale mail (worn)
 m - a +0 ring mail
Jewellery
 e - an amulet of regeneration (around neck)
 l - a ring of protection from fire
Scrolls
 c - a scroll of teleportation {unknown}
 k - a scroll of summoning {unknown}
Potions
 b - a potion of curing
 d - a potion of haste {unknown}
 f - a potion of ambrosia {unknown}
 g - 3 potions of mutation
 h - a potion of degeneration {unknown}
 j - a potion of invisibility {unknown}

Dungeon Overview and Level Annotations

Branches:
Dungeon (3/15)

Altars:
Ashenzari
Kikubaaqudgha

Shops:
D:1 (?*[

Annotations:
D:3 3 runed translucent doors, exclusion: jackal, qw's ghost, amateur DEHu


Message History

The orc shouts!
The arrow hits the orc!
You kill the orc!
You hear a shout! x3; You hear a bark!
You hear a shout!
You hear a bark! x2
You hear a shout!
You shoot an arrow.
The arrow hits the gnoll but does no damage.
You hear a bark!
You hear a shout!
You shoot an arrow. The arrow hits the gnoll!
The gnoll is heavily wounded.
You hear a shout!
You shoot an arrow. The arrow closely misses the gnoll.
The arrow barely misses the orc.
You shoot an arrow. The arrow hits the gnoll!
You kill the gnoll!
An orc comes into view. It is wielding a +0 flail.
The orc moves out of view.
Your Armour skill increases to level 1!
You shoot an arrow.
The arrow hits the orc but does no damage.
You shoot an arrow. The arrow hits the orc.
The orc is heavily wounded.
You shoot an arrow. The arrow hits the orc.
You kill the orc!
You shoot an arrow.
The arrow hits the gnoll but does no damage.
The gnoll barely misses you.
You shoot an arrow. The arrow hits the gnoll.
The gnoll is moderately wounded.
The gnoll hits you with a +0 flail!
You shoot an arrow. The arrow closely misses the gnoll.
The arrow hits the orc!
You kill the orc!
The gnoll hits you but does no damage.
You shoot an arrow. The arrow hits the gnoll!
The gnoll is severely wounded.
The gnoll hits you with a +0 flail! x2
You shoot an arrow. The arrow hits the gnoll.
The gnoll is severely wounded.
The gnoll hits you with a +0 flail.
You die...

.~~#...#############''''#########
P~~###o# #....# .~~~.#.o #....#
.~~~.# . #.)).# .~~~.#
''#########.)).# .~~~.#
).g)......#...)#... .~~~.#
.....#8..'....'... .~~~.#
'##..#8..'....'... .~~~.#
#.)g@..#8..8#.... .~~~.#.(
################# .~~###'#
P~~#...##########################
.~~#.o.#...hhhh..................
.~~#####~~~~~~~~~~~~~~~~~~~~~~~~~
.~~~~~~~~~~~~~~~~~~~~~~~~~~~~~~~~
.~~~~~~~~~~~~~~~~~~~~~~~~~~~~~~~~
.P.............P.................


You could see 2 gnolls.

Vanquished Creatures
  An orc priest (D:3)
  An orc wizard (D:3)
  7 gnolls (D:3)
  3 adders
  2 dart slugs
  11 orcs (D:3)
  4 bats
  6 endoplasms
  7 goblins
  6 hobgoblins
  19 jackals
  3 kobolds
  A quokka (D:1)
  6 ball pythons
  5 frilled lizards
  4 rats
86 creatures vanquished.

Notes
Turn   | Place    | Note
-------+----------+-------------------------------------------
     0 | D:1      | qw the Deep Elf Hunter began the quest for the Orb.
     0 | D:1      | Reached XP level 1. HP: 12/12 MP: 3/3
     0 | D:1      | 0 ||| qw: Version: 0.3-a-160-g6735b56
     0 | D:1      | 0 ||| qw: Game counter: 5779
     0 | D:1      | 0 ||| qw: Melee chars always use a shield: true
     0 | D:1      | 0 ||| qw: God list: Okawaru
     0 | D:1      | 0 ||| qw: Allow faded altars: false
     0 | D:1      | 0 ||| qw: Do Orc after clearing Dungeon:15 true
     0 | D:1      | 0 ||| qw: Do second Lair branch before Depths: true
     0 | D:1      | 0 ||| qw: Lair rune preference: random
     0 | D:1      | 0 ||| qw: Goals: Normal
     0 | D:1      | 0 ||| PLANNING D:1-11
    65 | D:1      | Found Luum's General Store.
    73 | D:1      | 73 ||| SHOPLISTING scroll of enchant weapon (97 gold, have
                  | 0).
    73 | D:1      | 73 ||| SHOPLISTING scroll of teleportation (39 gold, have
                  | 0).
    73 | D:1      | 73 ||| SHOPLISTING wand of iceblast (4) (124 gold, have 0).
   102 | D:1      | Reached XP level 2. HP: 16/16 MP: 4/4
   109 | D:1      | Reached skill level 6 in Ranged Weapons
   205 | D:1      | Found Akliq Wufabb's Magic Scroll Shop.
   212 | D:1      | 212 ||| SHOPLISTING scroll of identify (22 gold, have 16).
   212 | D:1      | 212 ||| SHOPLISTING scroll of teleportation (33 gold, have
                  | 16).
   356 | D:1      | Found Vojunem's Armour Boutique.
   366 | D:1      | 366 ||| SHOPLISTING +0 pair of gloves (58 gold, have 16).
   366 | D:1      | 366 ||| SHOPLISTING +0 ring mail (52 gold, have 16).
   366 | D:1      | 366 ||| SHOPLISTING +2 robe of willpower (230 gold, have
                  | 16).
   490 | D:1      | Found Iqof's Antique Weapon Emporium.
   513 | D:1      | 513 ||| SHOPLISTING runed sling (117 gold, have 22).
   541 | D:1      | Reached XP level 3. HP: 17/20 MP: 5/5
   842 | D:1      | 842 ||| UPGRADING to amulet of regeneration.
   847 | D:1      | 847 ||| READING 3 scrolls labelled TAGOINLAEMEK.
   847 | D:1      | 847 ||| IDENTIFYING glowing cyan potion
   848 | D:1      | 848 ||| READING 2 scrolls of identify.
   848 | D:1      | 848 ||| IDENTIFYING 3 yellow potions
   849 | D:1      | 849 ||| READING scroll of identify.
   849 | D:1      | 849 ||| IDENTIFYING scroll labelled SATYSAUMME
   850 | D:1      | 850 ||| READING scroll labelled OPEPSEPTEUS.
   851 | D:1      | 851 ||| DROPPING scroll of butterflies.
   852 | D:1      | 852 ||| DROPPING potion of brilliance.
   853 | D:1      | 853 ||| DROPPING scroll of immolation.
   977 | D:2      | Reached skill level 7 in Ranged Weapons
   997 | D:2      | Found an ancient bone altar of Kikubaaqudgha.
  1294 | D:2      | 1294 ||| UPGRADING to +0 scale mail.
  1304 | D:2      | 1304 ||| DROPPING +0 leather armour.
  1305 | D:2      | 1305 ||| READING 2 scrolls labelled SITANIDONI.
  1306 | D:2      | 1306 ||| DRINKING 2 green potions.
  1307 | D:2      | 1307 ||| DROPPING scroll of blinking.
  1372 | D:3      | Reached XP level 4. HP: 23/25 MP: 6/6
  1401 | D:3      | HP: 5/25 [orc/+2 antimagic dagger (5)]
  1402 | D:3      | Reached skill level 8 in Ranged Weapons
  1443 | D:3      | Found a broken altar of Ashenzari.
  1628 | D:3      | Found a runed translucent gate.
  1628 | D:3      | Found a runed translucent gate.
  1628 | D:3      | Found a runed translucent gate.
  1629 | D:3      | Noticed qw's ghost (amateur DEHu)
  1629 | D:3      | Noticed a kobold brigand
  1636 | D:3      | Reached XP level 5. HP: 29/29 MP: 7/7
  1646 | D:3      | HP: 5/29 [orc/+0 flail (5)]
  2204 | D:3      | Reached skill level 9 in Ranged Weapons
  2251 | D:3      | 2251 ||| FLEEEEING.
  2252 | D:3      | 2252 ||| FLEEEEING.
  2289 | D:3      | Reached skill level 1 in Armour
  2295 | D:3      | HP: 5/30 [gnoll/+0 flail (11)]
  2296 | D:3      | Slain by a gnoll

Levels and vault maps discovered:
D:1:      dpeg_arrival_more_subterranean_lakeside_camping, layout_loops_ring,
          serial_shops, nicolae_shop_stone, shop, nicolae_square_shop, shop,
          dk_noncrumbling_4, chequers_serial_rivers_marsh, patterned_corridor
D:2:      layout_rooms, basic_altar, chequers_serial_rivers_micro_b
D:3:      lemuel_castle_with_subvaults [lemuel_castle_interior_carwin_2],
          layout_loops_corners, ashenzari_conservatory_becter,
          gammafunk_ghost_nasty_kobolds, chequers_serial_rivers_room_b

Skill      XL: |  1  2  3  4  5 |
---------------+----------------+-----
Ranged Weapons | 6 7 8 9 |  9.0
Fighting       | 2 |  2.0
Armour         | 1 |  1.0
Dodging        | |  2.4
Stealth        | |  1.2

Action                     |  1- 3 |  4- 6 || total
---------------------------+-------+-------++-------
   Fire: Shortbow          |   109 |   137 ||   246
    Use: Scroll            |     5 |       ||     5
         Potion            |     1 |       ||     1
 Armour: Leather armour    |    17 |       ||    17
         Scale mail        |     1 |    97 ||    98
  Dodge: Dodged            |    22 |    77 ||    99

Table legend:
 A = Non-vault XP
 B = Vault XP
 C = Vault XP percentage of total XP
 D = Non-vault monster count
 E = Vault monster count
 F = Vault count percentage of total count
                 A         B        C        D         E       F
            +---------+---------+-------+---------+---------+-------
      Total |     209 |     154 |  42.4 |      57 |      29 |  33.7
            +---------+---------+-------+---------+---------+-------
        D:1 |      51 |       0 |   0.0 |      28 |       0 |   0.0
        D:2 |      36 |       0 |   0.0 |      16 |       0 |   0.0
        D:3 |     122 |     154 |  55.8 |      13 |      29 |  69.0
            +---------+---------+-------+---------+---------+-------
